 Dungeon Crawl Stone Soup version 0.22-a0-460-g49b1da7e92 (webtiles) character file.

154 Kaglan the Shield-Bearer (level 5, 0/33 HPs)
             Began as a Gargoyle Fighter on June 9, 2018.
             Killed from afar by an orc wizard (3 damage)
             ... with a magic dart
             ... on level 3 of the Dungeon.
             The game lasted 00:04:14 (1234 turns).

Kaglan the Shield-Bearer (Gargoyle Fighter)         Turns: 1234, Time: 00:04:15

Health: 0/33       AC: 11    Str: 21    XL:     5   Next: 35%
Magic:  5/5        EV:  8    Int:  8    God:
Gold:   69         SH:  9    Dex:  9    Spells: 4/4 levels left

rFire    . . .     SeeInvis .   a - +0 long sword
rCold    . . .     Gourm    .   c - +0 shield
rNeg     + . .     Faith    .   b - +0 scale mail
rPois    ∞         Spirit   .   (no helmet)
rElec    +         Reflect  .   (no cloak)
rCorr    .         Harm     .   (no gloves)
MR       .....                  (no boots)
Stlth    ..........             (no amulet)
HPRegen  0.11/turn              (no ring)
MPRegen  0.09/turn              (no ring)

@: slowed, very slow
A: negative energy resistance 1, electricity resistance, unbreathing,
petrification resistance, rot immunity, AC +4
a: no special abilities


You were on level 3 of the Dungeon.
You were hungry.

You visited 1 branch of the dungeon, and saw 3 of its levels.

You collected 69 gold pieces.

Inventory:

Hand Weapons
 a - a +0 long sword (weapon)
Armour
 b - a +0 scale mail (worn)
 c - a +0 shield (worn)
Jewellery
 l - an uncursed ring of wizardry {unknown}
Scrolls
 h - a scroll of enchant armour {unknown}
 i - 2 scrolls of blinking {unknown}
 m - 2 scrolls of fog {unknown}
 n - a scroll of fear {unknown}
 p - a scroll of remove curse {unknown}
Potions
 d - 2 potions of might
 e - a potion of brilliance {unknown}
 g - a potion of curing {unknown}
 j - 3 potions of heal wounds {unknown}
 k - a potion of mutation {unknown}
 o - a potion of degeneration {unknown}
Comestibles
 f - 5 rations


   Skills:
 + Level 4.2 Fighting
 - Level 1.8 Long Blades
 + Level 4.0 Armour
 + Level 1.1 Dodging
 * Level 2.1 Stealth
 + Level 4.4 Shields


You had 4 spell levels left.
You didn't know any spells.
Your spell library was empty.

Dungeon Overview and Level Annotations

Branches:
Dungeon (3/15)

Altars:


Innate Abilities, Weirdness & Mutations

You are resistant to torment.
Your stone body is resilient. (AC +4)
You are immune to poison.
You resist negative energy. (rN+)
You are resistant to electric shocks. (rElec)
You can survive without breathing.
You are immune to petrification.
You are immune to rotting.


Message History

The orc barely misses you. The adder bites you.
* * * LOW HITPOINT WARNING * * *
The orc wizard hits you but does no damage.
You miss the orc wizard.
The orc wizard is lightly wounded.
The orc wizard hits you but does no damage.
The adder bites you but does no damage.
The orc wizard hits you but does no damage.
You block the orc's attack. The adder bites you but does no damage.
You block the orc wizard's attack. The orc hits you but does no damage.
The adder barely misses you.
You riposte.
You closely miss the adder.
The adder is moderately wounded.
You closely miss the orc wizard.
The orc wizard is lightly wounded.
The orc wizard hits you with a dagger.
* * * LOW HITPOINT WARNING * * *
The adder bites you but does no damage. The orc wizard casts a spell at you.
The magic dart hits you!
You die...

#.# #.#.#. ##.#
#.#.#. #...
#.#. #..# #.
#..# #. #).# #.
#.o# #. #So# #.
#o@# #.
#..############
#.
#..............
#.
#.......#######
#. #######.# #.
###.##########.
#..............
###############


You could see an orc wizard, an adder and 2 orcs.

Vanquished Creatures
  A crimson imp (D:2)
  An orc priest (D:3)
  3 adders
  An adder skeleton (D:2)
  3 dart slugs
  An orc (D:3)
  A bat zombie (D:2)
  A giant cockroach (D:2)
  8 goblins
  5 hobgoblins
  3 jackals (D:3)
  A ball python (D:1)
  A ball python skeleton (D:2)
  A ball python zombie (D:2)
  8 bats
  2 frilled lizards (D:2)
  A giant cockroach zombie (D:2)
  A jackal skeleton (D:2)
  7 kobolds
  2 leopard gecko skeletons (D:2)
  A leopard gecko zombie (D:2)
  5 rats
58 creatures vanquished.

Notes
Turn   | Place    | Note
-------+----------+-------------------------------------------
     0 | D:1      | Kaglan the Gargoyle Fighter began the quest for the Orb.
     0 | D:1      | Reached XP level 1. HP: 14/14 MP: 1/1
    86 | D:1      | Reached XP level 2. HP: 11/19 MP: 2/2
   194 | D:1      | Reached XP level 3. HP: 22/24 MP: 3/3
   545 | D:2      | Reached skill level 1 in Stealth
   705 | D:2      | Reached XP level 4. HP: 29/29 MP: 4/4
  1199 | D:3      | Reached XP level 5. HP: 30/33 MP: 5/5
  1202 | D:3      | Reached skill level 1 in Dodging
  1234 | D:3      | Killed from afar by an orc wizard

Vault maps used:
D:1:      grunt_arrival_crossed_arrows
D:2:      first_ration, serial_undead, serial_undead_e, serial_undead_a,
          serial_undead_b, serial_undead_d, serial_undead_a, serial_undead_f

Skill      XL: |  1  2  3  4  5 |
---------------+----------------+-----
Stealth        | 1 2 |  2.1
Fighting       | 4 |  4.2
Shields        | 4 |  4.4
Dodging        | 1 |  1.1
Armour         | 4 |  4.0
Long Blades    | |  1.8

Action                   |  1- 3 |  4- 6 || total
-------------------------+-------+-------++-------
Melee: Long sword        |   128 |    84 ||   212
  Eat: Chunk             |       |     1 ||     1
Armor: Scale mail        |    93 |    83 ||   176
Dodge: Dodged            |    54 |    52 ||   106
Block: Shield            |    82 |    77 ||   159
       Rpst.: Long sword |    13 |    18 ||    31

Table legend:
 A = Spawn XP
 B = Non-spawn XP
 C = Spawn XP percentage of total XP
 D = Spawn monster count
 E = Non-spawn monster count
 F = Spawn count percentage of total count
 G = Total turns spent on level
                    A         B        C        D         E        F      G
               +---------+---------+-------+---------+---------+-------+---------
         Total |       0 |     220 |   0.0 |       0 |      58 |   0.0 |  1234
               +---------+---------+-------+---------+---------+-------+---------
           D:1 |       0 |      40 |   0.0 |       0 |      24 |   0.0 |   501
           D:2 |       0 |     111 |   0.0 |       0 |      25 |   0.0 |   604
           D:3 |       0 |      69 |   0.0 |       0 |       9 |   0.0 |   129
               +---------+---------+-------+---------+---------+-------+---------
